 Dungeon Crawl Stone Soup version 0.27.1-2-g3b301248ec (webtiles) character file.

Game seed: 9521065759929674138

2718 CuBeRJAN3 the Thaumaturge (level 9, -2/52 HPs)
             Began as a Deep Elf Fire Elementalist on Oct 4, 2021.
             Was an Initiate of Ru.
             Shot with a sling bullet by Joseph (25 damage)
             ... on level 7 of the Dungeon.
             The game lasted 00:54:51 (9400 turns).

CuBeRJAN3 the Thaumaturge (DEFE)                    Turns: 9400, Time: 00:54:51

Health: -2/52      AC:  9    Str:  5    XL:     9   Next: 39%
Magic:  15/33      EV: 15    Int: 20    God:    Ru [......]
Gold:   21         SH:  0    Dex: 21    Spells: 11/27 levels left

rFire    . . .     SeeInvis .   u - +1 dagger (venom)
rCold    + . .     Faith    .   (no shield)
rNeg     . . .     Spirit   .   e - +2 leather armour {Will+}
rPois    +         Reflect  .   (no helmet)
rElec    .         Harm     .   w - +0 cloak
rCorr    .         Rampage  .   y - +1 pair of gloves
Will     +....                  s - +0 pair of boots
Stlth    ..........             b - amulet of regeneration
HPRegen  1.17/turn              z - ring "Weatzav" {rPois rC+ MP+9 Int-4}
MPRegen  0.23/turn              v - +6 ring of dexterity

@: no status effects
A: no stealth
a: Renounce Religion


You were on level 7 of the Dungeon.
You worshipped Ru.
Ru was noncommittal.
You visited 2 branches of the dungeon, and saw 8 of its levels.

You collected 264 gold pieces.
You spent 243 gold pieces at shops.

Inventory:

Hand Weapons
 f - a +0 dagger
 i - a +1 hunting sling
 n - a +0 hand crossbow
 u - a +1 dagger of venom (weapon)
Missiles
 j - 32 sling bullets
 p - a throwing net
Armour
 a - a +0 robe
 e - a +2 leather armour of willpower (worn)
 s - a +0 pair of boots (worn)
 w - a +0 cloak (worn)
 y - a +1 pair of gloves (worn)
Jewellery
 b - an amulet of regeneration (around neck)
 d - a ring of protection from fire
 t - an amulet of guardian spirit
 v - a +6 ring of dexterity (right hand)
 z - the ring "Weatzav" (left hand) {rPois rC+ MP+9 Int-4}
   (You found it on level 6 of the Dungeon)

   [ring of protection from cold]

   Int:       It affects your intelligence (-4).
   rC:        It protects you from cold.
   rPois:     It protects you from poison.
   MP:        It affects your magic capacity (+9).
Wands
 q - a wand of acid (10)
Scrolls
 g - a scroll of immolation
 o - a scroll of identify
 C - 2 scrolls of teleportation
 D - a scroll of magic mapping
Potions
 c - 5 potions of brilliance
 h - a potion of flight
 k - 2 potions of haste
 l - 4 potions of lignification
 m - 2 potions of heal wounds
 r - a potion of curing {unknown}
 x - a potion of attraction {unknown}
 B - a potion of might {unknown}


   Skills:
 + Level 3.9 Fighting
 + Level 6.1 Dodging
   Level 0.0 Stealth
 * Level 9.6 Spellcasting
 + Level 5.3 Conjurations
 + Level 6.2 Fire Magic


You had 11 spell levels left.
You knew the following spells:

 Your Spells              Type           Power      Damage    Failure   Level
a - Foxfire               Conj/Fire      100%       2x1d9     1%          1
b - Conjure Flame         Conj/Fire      32%        6-21      3%          3
c - Sticky Flame          Conj/Fire      32%        2d5       11%         4
d - Fireball              Conj/Fire      16%        3d8       30%         5
e - Inner Flame           Hex/Fire       22%        N/A       10%         3

Your spell library contained the following spells:

 Spells                   Type           Power      Damage    Failure   Level
 Frozen Ramparts          Ice            18%        1d3       36%         3
 Animate Dead             Necr           4%         N/A       77%         4
 Ice Form                 Ice/Tmut       9%         N/A       77%         4
 Summon Ice Beast         Ice/Summ       9%         N/A       77%         4
 Haunt                    Necr/Summ      4%         N/A       100%        7
 Infestation              Necr           4%         N/A       100%        8


Dungeon Overview and Level Annotations

Branches:
Dungeon (7/15)             Temple (1/1) D:5

Altars:
Ashenzari
Cheibriados
Dithmenos
Elyvilon
Fedhas
Gozag
Kikubaaqudgha
Makhleb
Nemelex Xobeh
Okawaru
Ru
Trog
Uskayaw
Wu Jian
Xom
Zin
The Shining One

Shops:
D:3 (=   D:6 *   D:7 ?

Annotations:
D:7 Joseph


Innate Abilities, Weirdness & Mutations

You cannot be stealthy.


Message History

The sling bullet burns you.
Joseph shoots a sling bullet.
The sling bullet barely misses you.
Casting: Foxfire (safe; 1% risk of failure)
Confirm with . or Enter, or press ? or * to list all spells.
The fire begins to smoulder!
Joseph smiles happily.
Joseph shoots a sling bullet.
The sling bullet hits you!!
* * * LOW HITPOINT WARNING * * *
The sling bullet burns you.
* * * LOW HITPOINT WARNING * * *
Blink to where?
Press: ? - help, Dir - move target
As you read the scroll of blinking, it crumbles to dust.
Casting: Foxfire (safe; 1% risk of failure)
Press: ? - help, Q - select action, (/) - cycle Dir - look around, f - activate You conjure some foxfire!
Casting: Foxfire (safe; 1% risk of failure)
Press: ? - help, Q - select action, (/) - cycle Dir - look around, f - activate You conjure some foxfire!
Your foxfire dissipates! x2
Your foxfire dissipates!
Your foxfire dissipates!
Casting: Foxfire (safe; 1% risk of failure)
Confirm with . or Enter, or press ? or * to list all spells.
The fire begins to smoulder!
The fire ignites!
Casting: Foxfire (safe; 1% risk of failure)
Press: ? - help, Q - select action, (/) - cycle Dir - look around, f - activate You conjure some foxfire!
Your foxfire dissipates!
Casting: Foxfire (safe; 1% risk of failure)
Press: ? - help, Q - select action, (/) - cycle Dir - look around, f - activate You conjure some foxfire!
The foxfire hits Joseph.
Joseph is almost dead.
Your foxfire dissipates!
The foxfire hits Joseph but does no damage.
Joseph is almost dead.
Joseph shoots a sling bullet.
The sling bullet hits you!!
You die...

.#
#########.###..#####..##...
.# #......@................
## #@####>###.######.###...
.. #.# #.# #># #.# ##.. #
#.# ..# #.# ###.# #.) # #.#
#.## #.# #...# #.# #.# #.
#.# #.### #.. #.#
#.####.####.######## #@#
#.#@.............#
##.###.#.##.#####...(.###
#...##.#.##.#####........
###...##.#§##...........###
#........#§#######......###
#.........@.## #.#.......
#....."......#####...###...
###...##............## #.##
#...##.....######## #.#


You could see Joseph.

Vanquished Creatures
  Pikel (D:4)
  Grinder (D:6)
  Eustachio (D:5)
  Menkaure (D:6)
  A water moccasin (D:6)
  An orc warrior (D:6)
  A sky beast (D:5)
  A necrophage (D:6)
  An ice beast (D:5)
  2 black bears (D:5)
  A phantom (D:4)
  A lemure (D:4)
  Blork the orc (D:4)
  A bullfrog (D:7)
  A water moccasin skeleton (D:4)
  A howler monkey (D:6)
  A centaur zombie (D:7)
  4 hounds
  2 orc priests (D:3)
  5 iguanas
  Ijyb (D:4)
  2 orc wizards (D:6)
  Natasha (thrice) (D:4)
  A hound zombie (D:5)
  A hound skeleton (D:4)
  A howler monkey zombie (D:6)
  8 adders
  8 gnolls
  A howler monkey skeleton (D:5)
  2 river rats (D:5)
  A white imp (D:6)
  An adder skeleton (D:4)
  A worm (D:5)
  3 dart slugs
  17 orcs
  6 ball pythons
  2 endoplasms
  2 giant cockroaches
  4 goblins
  4 jackals
  6 quokkas
  7 bats
  4 frilled lizards
  7 kobolds
  30 rats
152 creatures vanquished.

Vanquished Creatures (collateral kills)
  2 foxfires (D:1)
2 creatures vanquished.

Vanquished Creatures (others)
  560 foxfires
  A plant (D:6)
561 creatures vanquished.

Grand Total: 715 creatures vanquished

Notes
Turn   | Place    | Note
-------+----------+-------------------------------------------
     0 | D:1      | CuBeRJAN3 the Deep Elf Fire Elementalist began the quest
                  | for the Orb.
     0 | D:1      | Reached XP level 1. HP: 10/10 MP: 6/6
   276 | D:1      | Found a faded altar of an unknown god.
   612 | D:1      | Reached XP level 2. HP: 15/15 MP: 6/8
  1155 | D:2      | Reached XP level 3. HP: 20/20 MP: 7/10
  1722 | D:2      | Learned a level 3 spell: Conjure Flame
  1896 | D:3      | Found Gyumyst's Jewellery Boutique.
  2167 | D:3      | Reached skill level 4 in Spellcasting
  2537 | D:3      | Found Reimuad's Weapon Shop.
  2632 | D:4      | Reached skill level 1 in Fighting
  2632 | D:4      | Reached XP level 4. HP: 24/25 MP: 12/12
  2668 | D:4      | Learned a level 4 spell: Sticky Flame
  2835 | D:3      | Reached XP level 5. HP: 26/29 MP: 8/13
  3576 | D:4      | Learned a level 5 spell: Fireball
  3642 | D:4      | Noticed Natasha
  3662 | D:4      | Killed Natasha
  3904 | D:4      | Noticed a lemure
  3904 | D:4      | Noticed Pikel
  3917 | D:4      | Noticed Natasha
  4016 | D:4      | Reached skill level 5 in Spellcasting
  4119 | D:4      | Reached XP level 6. HP: 34/34 MP: 4/15
  4313 | D:4      | Noticed Ijyb
  4372 | D:4      | Killed Ijyb
  4374 | D:4      | Killed Natasha
  4630 | D:4      | Noticed Natasha
  4637 | D:4      | Killed Natasha
  4667 | D:4      | Noticed Blork the orc
  4701 | D:4      | Killed Blork the orc
  4811 | D:4      | Reached skill level 6 in Spellcasting
  4811 | D:4      | Reached XP level 7. HP: 40/40 MP: 12/18
  4849 | D:4      | Learned a level 3 spell: Inner Flame
  5066 | D:4      | Killed Pikel
  5067 | D:4      | Reached skill level 5 in Stealth
  5067 | D:4      | Reached skill level 7 in Spellcasting
  5067 | D:4      | Reached skill level 5 in Fire Magic
  5067 | D:4      | Reached XP level 8. HP: 45/45 MP: 4/20
  5504 | D:5      | Entered Level 5 of the Dungeon
  5735 | D:5      | Found a shadowy altar of Dithmenos.
  5895 | D:5      | Noticed Eustachio
  6057 | D:5      | Found a staircase to the Ecumenical Temple.
  6066 | Temple   | Entered the Ecumenical Temple
  6390 | Temple   | Became a worshipper of Ru the Awakened
  6459 | D:5      | Reached skill level 5 in Dodging
  6535 | D:5      | Reached skill level 8 in Spellcasting
  6701 | D:5      | Killed Eustachio
  7372 | D:6      | Noticed Grinder
  7575 | D:6      | Noticed Menkaure
  7591 | D:6      | Killed Menkaure
  7592 | D:6      | Reached XP level 9. HP: 42/51 MP: 6/23
  7742 | D:6      | Reached skill level 9 in Spellcasting
  7742 | D:6      | Reached skill level 5 in Conjurations
  7822 | D:6      | Killed Grinder
  7973 | D:6      | Found Goul's Assorted Antiques.
  7975 | D:6      | Identified the ring "Weatzav" {rPois rC+ MP+9 Int-4}
  8045 | D:6      | Bought a scroll labelled WOKYSY ROUSIMN for 23 gold pieces
  8984 | D:7      | Found a snail-covered altar of Cheibriados.
  8984 | D:7      | Found an iron altar of Okawaru.
  8986 | D:7      | Found a blossoming altar of Fedhas.
  9195 | D:7      | Gained mutation: You cannot be stealthy. [Ru sacrifice]
  9235 | D:7      | Found Canaur's Magic Scroll Emporium.
  9240 | D:7      | Bought a scroll of blinking for 97 gold pieces
  9240 | D:7      | Bought a scroll of teleportation for 39 gold pieces
  9240 | D:7      | Bought a scroll of teleportation for 39 gold pieces
  9240 | D:7      | Bought a scroll of magic mapping for 45 gold pieces
  9342 | D:7      | Noticed Joseph
  9400 | D:7      | Shot with a sling bullet by Joseph

Illustrated notes

Levels and vault maps discovered:
D:1:      sevenhm_arrival_forest_fort_large_4, layout_basic,
          dreamdust_ecumenical_altar_hidden_monk_grotto, minmay_rat_gold_closets
D:2:      layout_rooms, item_on_display_a
D:3:      layout_basic, serial_shops, shop, nicolae_shop_trees
D:4:      layout_basic, minmay_rat_hole, uniq_blork_the_orc, uniq_ijyb,
          uniq_natasha, uniq_pikel
D:5:      layout_cave_pools, old_standard_altar, minmay_temple_entry_wispy,
          gup_sewer_entry_bubbles, minmay_misc_feat_pillars, minivault_14,
          uniq_eustachio
D:6:      layout_rooms, serial_shops,
          nicolae_shop_temple_entry_statues_fountains, serial_bayou_pond_d,
          uniq_grinder, uniq_menkaure
D:7:      layout_loops_ring, gammafunk_temple_overflow_claw, serial_shops,
          kennysheep_little_box, uniq_joseph
Temple:   nicolae_temple_figure_eight

Skill      XL: |  1  2  3  4  5  6  7  8  9 |
---------------+----------------------------+-----
Stealth        | 3 4 5 6 0 |  0.0
Spellcasting   | 4 5 6 7 8 9 |  9.6
Fighting       | 1 2 3 |  3.9
Dodging        | 3 4 5 6 |  6.1
Conjurations   | 2 3 4 5 |  5.3
Fire Magic     | 4 5 6 |  6.2

Action                   |  1- 3 |  4- 6 |  7- 9 || total
-------------------------+-------+-------+-------++-------
Melee: Dagger            |    27 |    77 |    72 ||   176
 Fire: Hunting sling     |     1 |     1 |       ||     2
 Cast: Foxfire           |    74 |    94 |   182 ||   350
       Conjure Flame     |       |     2 |    16 ||    18
       Sticky Flame      |       |       |     4 ||     4
Invok: Sacrifice Stealth |       |       |     1 ||     1
  Use: Scroll            |     5 |       |     7 ||    12
       Potion            |     3 |     1 |       ||     4
Armor: Robe              |     8 |    13 |    11 ||    32
       Leather armour    |       |       |    37 ||    37
Dodge: Dodged            |    51 |    75 |   156 ||   282
